 Dungeon Crawl Stone Soup version 0.20-a0-927-g1ae2c61 (webtiles) character file.

356 Wendigo the Slasher (level 6, -1/52 HPs)
             Began as a Draconian Fighter on Mar 29, 2017.
             Slain by an orc
             ... wielding a +0 dagger
              (3 damage)
             ... on level 4 of the Dungeon.
             The game lasted 00:06:05 (4248 turns).

Wendigo the Slasher (Draconian Fighter)             Turns: 4248, Time: 00:06:06

Health: -1/52      AC:  8    Str: 19    XL:     6   Next: 36%
Magic:  6/6        EV: 10    Int:  8    God:
Gold:   189        SH:  9    Dex: 12    Spells: 5/5 levels left

rFire    . . .     SeeInvis +   a - +1 long sword
rCold    . . .     Gourm    .   b - +0 shield
rNeg     . . .     Faith    .   (armour unavailable)
rPois    .         Spirit   .   (helmet restricted)
rElec    .         Reflect  .   (no cloak)
rCorr    .         Harm     .   (no gloves)
MR       .....                  w - +1 pair of boots
Stlth    +.........             (no amulet)
Regen    0.2/turn               p - ring of see invisible
MPRegen  0.1/turn               y - ring of wizardry

@: no status effects
A: unfitting armour, cold-blooded, AC +6
a: no special abilities


You were on level 4 of the Dungeon.
You were not hungry.

You visited 1 branch of the dungeon, and saw 4 of its levels.

You collected 189 gold pieces.

Inventory:

Hand Weapons
 a - a +1 long sword (weapon)
Armour
 b - a +0 shield (worn)
 w - a +1 pair of boots (worn)
Jewellery
 p - a ring of see invisible (left hand)
 y - a ring of wizardry (right hand)
Wands
 f - a wand of random effects (19/48)
 x - a wand of lightning (8/15)
Scrolls
 g - 2 scrolls of identify
 k - a scroll of immolation
 v - a scroll of magic mapping
Potions
 h - a potion of haste {unknown}
 i - 3 potions of heal wounds {unknown}
 n - 2 potions of flight {unknown}
 t - a potion of brilliance {unknown}
 u - a potion of cancellation {unknown}
Books
 s - a book of Misfortune

   Spells                             Type                      Level
   a - Confusing Touch                Hexes                        1
   b - Confuse                        Hexes                        3
   c - Gell's Gravitas                Translocation                3
   d - Petrify                        Transmutation/Earth          4
   e - Metabolic Englaciation         Hexes/Ice                    5
   f - Yara's Violent Unravelling     Hexes/Transmutation          5
Comestibles
 d - 4 bread rations
 j - 4 royal jellies
 l - 4 fruits
 m - a meat ration


   Skills:
 - Level 3.8 Fighting
 * Level 6.4 Long Blades
 - Level 2.6 Dodging
 - Level 3.4 Shields


You had 5 spell levels left.
You didn't know any spells.

Dungeon Overview and Level Annotations

Branches:
Dungeon (4/15)
 Temple: D:4-7

Altars:


Innate Abilities, Weirdness & Mutations

Your plain brown scales are hard. (AC +6)
You cannot fit into any form of body armour.
You are cold-blooded and may be slowed by cold attacks.


Message History

You hit the orc priest.
Your tail-slap misses the orc priest.
The orc priest is severely wounded.
The orc priest hits you with a whip of pain.
* * * LOW HITPOINT WARNING * * *
You writhe in agony.
* * * LOW HITPOINT WARNING * * *
You hit the orc priest.
The orc priest is severely wounded.
You block the orc's attack. The orc hits you but does no damage.
You hit the orc priest.
Your tail-slap misses the orc priest.
The orc priest is almost dead.
The orc priest hits you with a whip of pain.
* * * LOW HITPOINT WARNING * * *
You writhe in agony.
* * * LOW HITPOINT WARNING * * *
You block the orc's attack. x2; You block the orc priest's attack.
You closely miss the orc priest.
The orc priest is almost dead.
The orc hits you with a dagger.
You die...

#.....# ##..## ##..# ## ##....#
#...# #...## ##. ##...# ##..#
#..#.#####.. #...## ##.#
###..##..#.. #....# #[#####
#.#....#... ##...#
##.....######.#....#... #
#...###.......#...#.......... #
#....#....................... ##
#...........@o...o...........
.#####..........oo..............#
..#............................##
..............................##
..............................#
.........)...................##
.............................##
........................###...##
###....................## ###..##


You could see an orc priest, an orc wizard and 2 orcs.

Vanquished Creatures
  A scorpion (D:4)
  A hound (D:4)
  An orc wizard (D:3)
  An orc priest (D:4)
  A worker ant (D:4)
  Robin (D:3)
  A gnoll (D:1)
  6 adders
  3 worms
  5 leopard geckos
  7 orcs
  6 bats
  2 giant cockroaches (D:2)
  19 goblins
  10 hobgoblins
  9 jackals
  10 kobolds
  2 quokkas
  2 ball pythons
  4 frilled lizards
  8 rats
100 creatures vanquished.

Notes
Turn   | Place    | Note
-------+----------+-------------------------------------------
     0 | D:1      | Wendigo the Draconian Fighter began the quest for the Orb.
     0 | D:1      | Reached XP level 1. HP: 19/19 MP: 1/1
   112 | D:1      | Reached XP level 2. HP: 26/26 MP: 2/2
   586 | D:1      | Reached XP level 3. HP: 33/33 MP: 3/3
  1301 | D:2      | Reached skill level 3 in Long Blades
  1667 | D:2      | Reached XP level 4. HP: 40/40 MP: 4/4
  1977 | D:2      | Reached skill level 4 in Long Blades
  2174 | D:3      | Reached XP level 5. HP: 42/46 MP: 5/5
  2327 | D:3      | Noticed Robin
  2347 | D:3      | Killed Robin
  2347 | D:3      | Reached skill level 5 in Long Blades
  3711 | D:4      | Reached skill level 6 in Long Blades
  3711 | D:4      | Reached XP level 6. HP: 38/52 MP: 6/6
  4247 | D:4      | HP: 2/52 [orc priest/whip of pain (3)]
  4248 | D:4      | Slain by an orc

Vault maps used:
D:1:      eino_arrival_tree_alley
D:2:      first_bread, minmay_tiny_reverse_x
D:3:      uniq_robin
D:4:      kennysheep_windowed_goal

Skill      XL: |  1  2  3  4  5 |
---------------+----------------+-----
Long Blades    | 3 4 6 |  6.4
Fighting       | |  3.8
Dodging        | |  2.6
Shields        | |  3.4

Action                   |  1- 3 |  4- 6 || total
-------------------------+-------+-------++-------
Melee: Long sword        |    98 |   211 ||   309
       Tailslap          |     8 |    34 ||    42
  Use: Scroll            |       |    10 ||    10
       Potion            |       |     3 ||     3
 Stab: Sleeping          |     1 |     2 ||     3
  Eat: Chunk             |     2 |     9 ||    11
Armor: Skin              |    32 |    58 ||    90
Dodge: Dodged            |    39 |    74 ||   113
Block: Shield            |    50 |    92 ||   142
       Rpst.: Long sword |    17 |    23 ||    40
